 Dungeon Crawl Stone Soup version 0.31.0-32-g396128a36d (webtiles) character file.

Game seed: 14060033640031281087

26828 OdinFK the Destroyer (level 13, -4/105 HPs)
             Began as an Armataur Hedge Wizard on Mar 26, 2024.
             Was the Champion of Fedhas.
             Slain by an alligator skeleton (12 damage)
             ... in a volcano.
             The game lasted 01:46:05 (12674 turns).

OdinFK the Destroyer (Armataur Hedge Wizard)       Turns: 12674, Time: 01:46:05

Health: -4/105     AC: 14    Str: 16    XL:     13   Next: 1%
Magic:  4/22       EV:  8    Int: 19    God:    Fedhas [******]
Gold:   386        SH:  5    Dex: 10    Spells: 7/24 levels left

rFire   + . .        m - +7 long sword
rCold   + + .        (no shield)
rNeg    . . .        M - +1 steam dragon scales
rPois   +            e - +0 hat
rElec   .            Q - scarf {rC+ rF+}
rCorr   .            g - +0 pair of gloves {hurl}
SInv    .            W - +0 barding
Will    .....        f - amulet of reflection
Stlth   ++           J - ring of poison resistance
HPRegen 0.37/turn    S - ring of protection from cold
MPRegen 0.18/turn

%: reflection, roll
@: studying Armour
A: large, deformed body, tough skin 3, armoured tail, roll 2
a: Renounce Religion, Wall of Briars, Grow Ballistomycete, Overgrow, Grow Oklob


You were in a volcano.
You worshipped Fedhas.
Fedhas was exalted by your worship.
You visited 3 branches of the dungeon, and saw 14 of its levels.
You also visited: Bailey and Volcano.

You collected 804 gold pieces.
You spent 418 gold pieces at shops.

Inventory:

Hand Weapons
 k - a +3 short sword of freezing
 m - a +7 long sword (weapon)
 O - a +4 mace of freezing
Missiles
 u - 12 boomerangs (quivered)
 P - 2 curare-tipped darts
 U - 3 throwing nets
 Y - 4 poisoned darts
Armour
 e - a +0 hat (worn)
 g - a +0 pair of gloves of hurling (worn)
 M - +1 steam dragon scales (worn)
 Q - a scarf of resistance (worn)
 T - a +0 cloak
 W - a +0 barding (worn)
Jewellery
 f - an amulet of reflection (around neck)
 h - a ring of see invisible
 J - a ring of poison resistance (left hand)
 S - a ring of protection from cold (right hand)
 Z - a ring of flight
Wands
 q - a wand of roots (10)
 A - a wand of quicksilver (7)
 D - a wand of paralysis (11)
Scrolls
 b - a scroll of enchant weapon {unknown}
 o - 3 scrolls of immolation
 p - a scroll of revelation
 s - 4 scrolls of fog
 t - a scroll of teleportation
 x - 5 scrolls of blinking
 z - a scroll of fear {unknown}
 B - a scroll of silence {unknown}
 E - 2 scrolls of butterflies
 F - a scroll of acquirement {unknown}
 K - a scroll of enchant armour
 L - 2 scrolls of noise {unknown}
 N - 3 scrolls of poison {unknown}
 X - a scroll of amnesia {unknown}
Potions
 a - a potion of haste {unknown}
 c - 2 potions of curing
 d - 2 potions of magic
 i - 2 potions of might {unknown}
 l - a potion of degeneration {unknown}
 n - 2 potions of brilliance {unknown}
 r - 3 potions of enlightenment
 v - a potion of ambrosia {unknown}
 w - 4 potions of heal wounds
 G - 3 potions of mutation {unknown}
 I - 3 potions of attraction {unknown}
 R - a potion of lignification {unknown}
 V - a potion of experience


   Skills:
 + Level 7.4 Fighting
 - Level 2.0(3.4) Short Blades
 + Level 4.4(4.7) Long Blades
 - Level 3.0 Maces & Flails
 - Level 4.0 Throwing
 - Level 7.0 Armour
 - Level 2.0 Dodging
 - Level 3.0 Stealth
 + Level 6.4 Spellcasting
 + Level 10.2 Conjurations
 + Level 1.3 Hexes
 - Level 4.0 Summonings
 * Level 5.2 Translocations
 + Level 3.9 Air Magic
 - Level 6.5 Alchemy
 - Level 6.0 Invocations


You had 7 spell levels left.
You knew the following spells:

 Your Spells              Type           Power      Damage    Failure   Level
a - Magic Dart            Conj           100%       1d8       1%          1
b - Slow                  Hex            44%        N/A       6%          1
c - Call Imp              Summ           42%        N/A       3%          2
d - Mephitic Cloud        Conj/Alch/Air  32%        N/A       1%          3
e - Fulminant Prism       Conj/Alch      19%        3d10      3%          4
f - Blink                 Tloc           52%        N/A       1%          2
g - Iskenderun's Mystic   Conj/Tloc      35%        2d8       4%          4

Your spell library contained the following spells:

 Spells                   Type           Power      Damage    Failure   Level
 Apportation              Tloc           52%        N/A       1%          1
 Cigotuvi's Dreadful Rot  Necr/Alch/Air  38%        N/A       3%          2
 Jinxbite                 Hex            22%        N/A       10%         2
 Volatile Blastmotes      Fire/Tloc      32%        2d12      11%         3
 Passage of Golubria      Tloc           26%        N/A       12%         4
 Alistair's Intoxication  Alch           20%        N/A       21%         5
 Silence                  Hex/Air        8%         N/A       71%         5
 Lehudib's Crystal Spear  Conj/Erth      12%        10d4      100%        8


Dungeon Overview and Level Annotations

Branches:
Dungeon (9/15)             Temple (1/1) D:6            Lair (4/5) D:8
  Swamp (0/4) Lair:2        Snake (0/4) Lair:2        Slime (0/5) Lair:4
 Bailey (visited)         Volcano (1/1)
    Orc: D:9-12

Altars:
Ashenzari
Cheibriados
Dithmenos
Elyvilon
Fedhas
Gozag
Hepliaklqana
Kikubaaqudgha
Makhleb
Nemelex Xobeh
Okawaru
Qazlal
Ru
Sif Muna
Trog
Uskayaw
Vehumet
Wu Jian
Xom
Yredelemnul
Zin
The Shining One

Shops:
D:5 =   D:6 (   D:7 *

Annotations:
D:7 3 runed translucent doors, diceflayer's ghost, novice MiFi


Innate Abilities, Weirdness & Mutations

Armour fits poorly on your strangely shaped body.
You have extremely tough skin. (AC +3)
You have a long armoured tail.
You regenerate magic and health when rolling toward enemies. (Rampage Regen)


Message History

Press: ? - help, Shift-Dir - straight line The roots erupt in riotous growth!
Roots grab the gargoyle.
Roots grab the harpy skeleton.
The grasping roots constrict the harpy skeleton.
The grasping roots constrict the gargoyle.
The harpy skeleton struggles to escape constriction.
The alligator skeleton tail-slaps you. The alligator skeleton bites you.
The alligator skeleton drags you backwards!
The gargoyle hurls a stone arrow at you.
The stone arrow misses you.
The harpy skeleton completely misses you.
The harpy skeleton closely misses you.
The grasping roots constrict the harpy skeleton.
The grasping roots constrict the gargoyle, but do no damage.
The roots release their grip on the harpy skeleton.
The alligator skeleton attacks as it pursues you!
The alligator skeleton tail-slaps you but does no damage.
You block the alligator skeleton's attack.
The harpy skeleton claws you! The harpy skeleton barely misses you.
The gargoyle hurls a stone arrow at you.
The stone arrow hits you!!
* * * LOW HITPOINT WARNING * * *
Aiming: Quicksilver Bolt
Press: ? - help, Shift-Dir - straight line, f - gargoyle
Aim: a gargoyle, wielding a +0 flail (almost destroyed, constricted by roots, 100% to hit)
The bolt of dispelling energy hits the harpy skeleton!!
The harpy skeleton is almost destroyed.
The bolt of dispelling energy hits the gargoyle.
The gargoyle is almost destroyed.
The grasping roots constrict the gargoyle.
You destroy the gargoyle!
Fedhas accepts your kill. The harpy skeleton claws you!
* * * LOW HITPOINT WARNING * * *
The harpy skeleton claws you but does no damage. x3
The alligator skeleton tail-slaps you.
* * * LOW HITPOINT WARNING * * *
The alligator skeleton bites you!
You die...
Fedhas appreciates your contribution to the ecosystem.

≈≈≈≈≈≈≈≈≈§≈≈§§≈≈§≈§§≈≈≈..§..#####
§§≈≈§≈≈°≈≈≈§§§≈§≈§≈§§§.....≈§...8
≈.≈≈≈§°≈§≈§§§≈§≈§§§§≈§≈≈....§....
.....≈°°≈§§§§§≈§§≈§§≈§.....≈'...8
......○°≈§§§§§≈≈§§..........#####
.......°≈≈≈§§≈§..).......####
......○°°≈§§§§...).....###
......°°...§.....Z...###
......°°........@Z.###
##....○°.....#....##
####..°.°......#### #
######..##### # ####


You could see an alligator skeleton and a harpy skeleton.

Vanquished Creatures
  Harold (D:9)
  A catoblepas (Lair:2)
  A boulder beetle (Lair:2)
  2 orc knights (Bailey)
  A will-o-the-wisp (Lair:2)
  A manticore (D:7)
  5 black mambas
  5 elephants
  Joseph (D:8)
  2 gargoyles (Volcano)
  5 cane toads
  6 komodo dragons
  Psyche (D:8)
  Prince Ribbit (D:8)
  A dream sheep (Lair:4)
  12 blink frogs (Lair:1)
  A slime creature (D:7)
  29 yaks
  A wyvern (Lair:3)
  2 basilisks
  Grum (D:9)
  Eustachio (D:5)
  Edmund (D:5)
  Duvessa (D:7)
  An acid dragon (D:9)
  13 water moccasins
  3 black bears
  2 hell hounds (Lair:4)
  An ice beast (D:7)
  2 sky beasts
  8 orc warriors
  A laughing skull (Volcano)
  19 wolves
  2 centaurs
  A phantom (D:5)
  4 kobold brigands
  10 bullfrogs
  Blork the orc (D:5)
  A weeping skull (Volcano)
  A gnoll sergeant (D:9)
  A scorpion (D:7)
  10 wights
  Dowan (D:7)
  14 killer bees
  A howler monkey (D:6)
  3 bombardier beetles
  3 hounds
  4 jellies
  2 gnoll boudas
  4 orc priests
  A sleepcap (D:6)
  Ijyb (D:5)
  An iguana (D:7)
  7 orc wizards
  4 adders
  16 gnolls
  A river rat (D:4)
  A shadow imp (D:8)
  2 ufetubi
  2 ribbon worms (D:4)
  A dart slug (D:1)
  35 orcs
  11 ball pythons
  2 bats (D:1)
  6 endoplasms
  2 giant cockroaches
  3 goblins
  5 hobgoblins
  12 kobolds
  3 quokkas
  6 frilled lizards
  2 rats
320 creatures vanquished.

Vanquished Creatures (collateral kills)
  A wolf (D:9)
  A wight (D:7)
  A killer bee (D:9)
  A ribbon worm (D:4)
4 creatures vanquished.

Vanquished Creatures (others)
  39 fulminant prisms
39 creatures vanquished.

Grand Total: 363 creatures vanquished

Notes
Turn   | Place    | Note
-------+----------+-------------------------------------------
     0 | D:1      | OdinFK the Armataur Hedge Wizard began the quest for the
                  | Orb.
     0 | D:1      | Reached XP level 1. HP: 14/14 MP: 4/4
     2 | D:1      | Learned a level 1 spell: Slow
    97 | D:1      | Reached skill level 1 in Summonings
   124 | D:1      | Reached XP level 2. HP: 14/22 MP: 2/5
   428 | D:1      | Reached skill level 1 in Conjurations
   711 | D:2      | Reached XP level 3. HP: 27/27 MP: 5/7
   842 | D:2      | Found an iron altar of Okawaru.
   852 | D:2      | Identified the +2 long sword of the Moon {antimagic,
                  | ^Contam rPois Int+3 Dex+7}
   875 | D:2      | Reached skill level 1 in Short Blades
  1068 | D:2      | Reached skill level 1 in Fighting
  1677 | D:3      | Learned a level 2 spell: Call Imp
  1700 | D:3      | Reached skill level 1 in Throwing
  2021 | D:3      | Reached XP level 4. HP: 35/35 MP: 8/8
  2429 | D:4      | Reached XP level 5. HP: 42/42 MP: 5/9
  2446 | D:4      | Identified the +2 scale mail of Oconneps {rC+}
  2500 | D:4      | You fall into a shaft and drop 3 floors!
  2534 | D:7      | Noticed a steam dragon
  2536 | D:7      | Noticed diceflayer's ghost (novice MiFi)
  2540 | D:7      | Found a runed translucent gate.
  2540 | D:7      | Found a runed translucent gate.
  2541 | D:7      | Found a runed translucent gate.
  2543 | D:7      | Noticed a black bear
  2543 | D:7      | Noticed a laughing skull
  2569 | D:7      | Reached skill level 2 in Conjurations
  2682 | D:7      | Reached skill level 1 in Armour
  2880 | D:7      | Reached XP level 6. HP: 24/51 MP: 8/10
  3280 | D:6      | Gained mutation: You regenerate magic and health when
                  | rolling toward enemies. (Rampage Regen) [Armataur growth]
  3280 | D:6      | Reached XP level 7. HP: 19/57 MP: 10/12
  3516 | D:6      | Reached skill level 3 in Conjurations
  3520 | D:6      | Learned a level 3 spell: Mephitic Cloud
  3541 | D:5      | Entered Level 5 of the Dungeon
  3685 | D:5      | Noticed Ijyb
  3697 | D:5      | Killed Ijyb
  3771 | D:5      | Noticed Blork the orc
  4264 | D:5      | Killed Blork the orc
  4265 | D:5      | Reached XP level 8. HP: 45/63 MP: 13/13
  4399 | D:5      | Noticed Edmund
  4508 | D:5      | Found a snail-covered altar of Cheibriados.
  4508 | D:5      | Found an ancient bone altar of Kikubaaqudgha.
  4509 | D:5      | Found a hazy altar of Hepliaklqana.
  4510 | D:5      | Found an opulent altar of Gozag.
  4510 | D:5      | Found a stormy altar of Qazlal.
  4510 | D:5      | Found a glowing silver altar of Zin.
  4512 | D:5      | Found a shadowy altar of Dithmenos.
  4512 | D:5      | Found a blossoming altar of Fedhas.
  4512 | D:5      | Found an iron altar of Okawaru.
  4515 | D:5      | Noticed Eustachio
  4540 | D:5      | Killed Eustachio
  4541 | D:5      | Reached skill level 1 in Maces & Flails
  4856 | D:5      | Found Hawahen's Jewellery Boutique.
  4860 | D:5      | Bought an amulet of reflection for 360 gold pieces
  5190 | D:5      | Killed Edmund
  5191 | D:5      | Reached skill level 4 in Conjurations
  5264 | D:5      | Reached skill level 1 in Air Magic
  5264 | D:5      | Reached skill level 1 in Alchemy
  5383 | D:6      | Found a staircase to the Ecumenical Temple.
  5389 | Temple   | Entered the Ecumenical Temple
  5481 | D:5      | Became a worshipper of Fedhas Madash
  5641 | D:6      | Found Goproqi's Weapon Emporium.
  5948 | D:7      | Reached skill level 1 in Hexes
  5949 | D:7      | Noticed a slime creature
  5968 | D:7      | Noticed a two-headed ogre
  6032 | D:7      | Noticed Duvessa
  6032 | D:7      | Noticed Dowan
  6043 | D:7      | Killed Duvessa
  6046 | D:7      | Killed Dowan
  6093 | D:7      | Learned a level 4 spell: Fulminant Prism
  6127 | D:7      | Reached XP level 9. HP: 33/71 MP: 15/15
  6315 | D:7      | Identified the +0 trident of Malum Prohibitum {drain, Will-
                  | Str+8}
  6620 | D:7      | Reached * piety under Fedhas
  6625 | D:7      | Reached skill level 5 in Conjurations
  6853 | D:7      | Found Muohe's Assorted Antiques.
  6863 | D:7      | Bought a scroll labelled YTERU LEQYF for 29 gold pieces
  6863 | D:7      | Bought a scroll labelled JOUCIST JAOTT for 29 gold pieces
  6928 | D:7      | Reached skill level 1 in Long Blades
  6954 | D:7      | Noticed a manticore
  7081 | D:7      | Killed a manticore
  7082 | D:7      | Reached skill level 5 in Armour
  7082 | D:7      | Reached skill level 1 in Invocations
  7433 | D:8      | Found a staircase to the Lair.
  7486 | D:8      | Reached skill level 5 in Spellcasting
  7614 | D:8      | Noticed Joseph
  7633 | D:8      | Noticed Psyche
  7636 | D:8      | Killed Joseph
  7636 | D:8      | Reached ** piety under Fedhas
  7637 | D:8      | Reached skill level 6 in Conjurations
  7637 | D:8      | Reached XP level 10. HP: 68/80 MP: 17/17
  7643 | D:8      | Killed Psyche
  7644 | D:8      | Reached skill level 5 in Fighting
  7652 | D:8      | Learned a level 2 spell: Blink
  7660 | D:8      | Noticed Prince Ribbit
  7669 | D:8      | Killed Prince Ribbit
  8096 | D:9      | Noticed Grum
  8098 | D:9      | Found a flagged portal.
  8247 | D:9      | Identified the +1 ring mail of the Moon Troll {rF+ rC+ rN+
                  | rCorr}
  8348 | D:9      | Killed Grum
  8349 | D:9      | Reached skill level 7 in Conjurations
  8376 | Bailey   | Entered a bailey
  8531 | Bailey   | Reached *** piety under Fedhas
  8841 | Bailey   | Noticed an orc knight
  8896 | Bailey   | Killed an orc knight
  8924 | Bailey   | Identified the +3 bardiche "Reagh" {venom, rCorr Str-2 SInv
                  | Stlth-}
  8924 | Bailey   | Noticed an orc knight
  8957 | Bailey   | Killed an orc knight
  9100 | D:9      | Noticed Harold
  9128 | D:9      | Killed Harold
  9129 | D:9      | Reached skill level 8 in Conjurations
  9129 | D:9      | Reached XP level 11. HP: 58/89 MP: 18/18
  9424 | Lair:1   | Entered Level 1 of the Lair of Beasts
  9486 | Lair:1   | Reached **** piety under Fedhas
  9538 | Lair:1   | Reached skill level 5 in Alchemy
  9706 | Lair:1   | Reached skill level 9 in Conjurations
  9925 | Lair:1   | Learned a level 4 spell: Iskenderun's Mystic Blast
 10222 | Lair:2   | Reached ***** piety under Fedhas
 10223 | Lair:2   | Reached XP level 12. HP: 63/100 MP: 16/20
 10477 | Lair:2   | Found a staircase to the Swamp.
 10591 | Lair:2   | Reached skill level 5 in Invocations
 11122 | Lair:2   | Noticed a catoblepas
 11211 | Lair:2   | Killed a catoblepas
 11212 | Lair:2   | Reached skill level 10 in Conjurations
 11267 | Lair:2   | Noticed a boulder beetle
 11291 | Lair:2   | Killed a boulder beetle
 11384 | Lair:2   | Found a staircase to the Snake Pit.
 11799 | Lair:3   | Noticed a six-headed hydra
 11923 | Lair:3   | Reached skill level 5 in Translocations
 12509 | Lair:4   | Found a dark tunnel.
 12543 | Volcano  | Entered a volcano
 12671 | Volcano  | Reached ****** piety under Fedhas
 12672 | Volcano  | Reached XP level 13. HP: 61/105 MP: 3/22
 12674 | Volcano  | Slain by an alligator skeleton

Illustrated notes

Levels and vault maps discovered:
D:1:      dpeg_arrival_tiny_d, layout_loops_ring, minmay_misc_feat_rugged,
          minmay_indecisive_spiral
D:2:      layout_basic, basic_altar
D:3:      layout_loops_ring
D:4:      layout_rooms, gup_sewer_entry_bubbles, minmay_misc_feat_cross,
          serial_library_hellmonk_secret_room
D:5:      layout_basic, nicolae_overflows_in_rows, serial_shops, shop,
          nicolae_shop_pleasant_corner_grove, ebering_dispersal_statue_hall,
          uniq_edmund, uniq_eustachio, uniq_blork_the_orc, uniq_ijyb
D:6:      layout_gridville, minmay_temple_entry_fiery, serial_shops,
          nicolae_shop_bloodbath_and_beyond, kennysheep_cross_room
D:7:      minmay_chambers_of_sixes, layout_basic, gammafunk_ghost_split,
          serial_shops, nicolae_lakefront_shop, uniq_duvessa
D:8:      layout_basic, lair_entry_dummy, uniq_joseph, uniq_psyche,
          uniq_prince_ribbit1
D:9:      layout_rooms, enter_bailey_2, uniq_grum, uniq_harold
Temple:   hellmonk_temple_forest_ring
Lair:1:   layout_small_grid
Lair:2:   layout_cellular_growth, minmay_swamp_entry_wisps,
          minmay_snake_entry_six_corridors, gauntlet_entry_generic,
          grunt_megastairs_3
Lair:3:   layout_hall_layers
Lair:4:   layout_layer_cave, slime_entry_1, enter_volcano_3,
          nicolae_quartered_pool_little, chequers_serial_rivers_marsh,
          infiniplex_staircase_pool
Volcano:  volcano_tomb [vts_original]

Skill      XL: |  1  2  3  4  5  6  7  8  9 10 11 12 |
---------------+-------------------------------------+-----
Summonings     | 1 2 3 4 |  4.0
Conjurations   | 1 2 3 4 6 8 9 10 | 10.2
Short Blades   | 1 2 |  2.0
Fighting       | 1 2 3 4 6 7 |  7.4
Throwing       | 1 2 3 4 |  4.0
Spellcasting   | 3 4 5 6 |  6.4
Armour         | 1 2 4 5 6 7 |  7.0
Maces & Flails | 2 3 |  3.0
Air Magic      | 1 3 |  3.9
Alchemy        | 1 4 5 6 |  6.5
Hexes          | 1 |  1.3
Long Blades    | 1 3 4 |  4.4
Invocations    | 2 4 6 |  6.0
Translocations | 2 3 5 |  5.2
Dodging        | 2 |  2.0
Stealth        | 3 |  3.0

Action                     |  1- 3 |  4- 6 |  7- 9 | 10-12 | 13-15 || total
---------------------------+-------+-------+-------+-------+-------++-------
  Melee: Dagger            |    35 |       |       |       |       ||    35
         Tailslap          |     7 |    15 |    44 |   131 |       ||   197
         Short sword       |    31 |    98 |   104 |       |       ||   233
         Punch             |       |       |     6 |    10 |       ||    16
         Unarmed           |       |       |     3 |       |       ||     3
         Mace              |       |       |   112 |       |       ||   112
         Long sword        |       |       |    83 |   619 |       ||   702
         Whip              |       |       |    48 |       |       ||    48
  Throw: Stone             |    11 |       |     4 |       |       ||    15
         Dart              |    13 |     4 |    45 |    91 |       ||   153
         Boomerang         |     4 |    34 |    16 |    73 |       ||   127
         Throwing net      |       |       |     3 |       |       ||     3
   Cast: Magic Dart        |    40 |    15 |    47 |    12 |       ||   114
         Call Imp          |       |     3 |     5 |     5 |       ||    13
         Mephitic Cloud    |       |       |     5 |    62 |       ||    67
         Fulminant Prism   |       |       |     1 |    38 |       ||    39
         Iskenderun's Myst |       |       |       |     7 |       ||     7
         Slow              |       |       |       |     5 |       ||     5
         Blink             |       |       |       |     3 |       ||     3
  Evoke: Wand              |       |       |    15 |     2 |     2 ||    19
    Use: Scroll            |       |       |     5 |     8 |       ||    13
   Stab: Sleeping          |     2 |     1 |     1 |       |       ||     4
         Distracted        |       |     1 |       |       |       ||     1
         Paralysed         |       |       |     9 |     1 |       ||    10
         Confused          |       |       |     2 |    36 |       ||    38
 Armour: Robe              |    38 |    25 |       |       |       ||    63
         Scale mail        |       |    46 |   142 |       |       ||   188
         Skin              |       |       |     2 |       |       ||     2
         Steam dragon scal |       |       |   153 |   563 |    11 ||   727
         Ring mail         |       |       |    54 |       |       ||    54
  Dodge: Dodged            |    31 |    34 |   121 |   220 |     4 ||   410
  Block: Other             |       |       |    37 |   121 |     1 ||   159
         Reflection        |       |       |     1 |     7 |       ||     8
